AoeStats
← Dickpantz

Fortress

507840944Analyzed
4v4 RM · 13d ago on Sep 19, 2026· 23m 7s· 8 players
Game mode
Random Map
Map size
Huge
Population
200
Speed
Normal
Resources
Standard
Victory
Conquest
Starting age
Dark Age
Ending age
Imperial Age
RankedLock teamsTeams togetherTeam positionsShared explorationLock speedFull tech treeHidden civsTurbo modeCheats
Victory
Defeat
🇺🇸 Khmer · United States
1133
+14
🇨🇱 Mongols · Chile
1125
+14
🇺🇸 Franks · United States
1046
+17
🇨🇳 Japanese · China
1043
+17
🇨🇾 Persians · Cyprus
1093
-16
🇦🇹 Burgundians · Austria
1091
-16
🇨🇴 Malians · Colombia
1063
-15
🇷🇺 Huns · Russia
1055
-15
stYx
5:16 Double-Bit Axe
5:15 Horse Collar
8:58 Feudal Age
12:40 Castle Age
11:16 Bow Saw
11:54 Heavy Plow
14:21 Crop Rotation
15:43 Two-Man Saw
18:21 Fletching
19:17 Bodkin Arrow
20:37 Loom
20:55 Loom
21:16 Man-at-Arms
Kracih
8:21 Feudal Age
10:50 Loom
13:12 Castle Age
11:21 Horse Collar
14:39 Heavy Plow
14:27 Double-Bit Axe
15:42 Bow Saw
Arthedain
4:35 Loom
9:36 Feudal Age
14:38 Castle Age
12:30 Horse Collar
12:38 Double-Bit Axe
12:47 Gold Mining
15:33 Bow Saw
15:48 Heavy Plow
21:48 Wheelbarrow
JonnyD
Dickpantz
pegador
8:57 Feudal Age
10:32 Wheelbarrow
10:08 Double-Bit Axe
10:21 Horse Collar
13:04 Castle Age
14:08 Hand Cart
14:17 Heavy Plow
15:34 Bow Saw
15:54 Gold Mining
20:14 Fletching
20:24 Padded Archer Armor
20:12 Loom
20:12 Town Watch
21:43 Gold Shaft Mining
20:58 Stone Mining
douchesupreme
5:04 Loom
7:50 Feudal Age
13:03 Castle Age
12:35 Forging
12:27 Scale Mail Armor
12:27 Double-Bit Axe
19:20 Squires
19:58 Iron Casting
19:39 Arson
20:28 Chain Mail Armor
21:37 #83
23:23 Wheelbarrow
秋天的老丝瓜
7:13 Feudal Age
7:56 Double-Bit Axe
12:51 Castle Age
11:04 Gold Mining
11:30 Scale Mail Armor
12:15 Arson
12:18 Horse Collar
13:32 Forging
13:27 Loom
16:38 Squires
18:04 Wheelbarrow
19:37 Town Watch
20:16 Chain Mail Armor
21:11 Heavy Plow
23:05 Gold Shaft Mining
24:15 Iron Casting
Connection lost

Rejoining the realm…

Still unreachable

The connection could not be restored.

Session expired

The server has moved on; the page needs a fresh start.